 Dungeon Crawl Stone Soup version 0.27.1-1-g398f81649c (webtiles) character file.

Game seed: 13765717244712057959

293 caitlindye the Chopper (level 6, -1/53 HPs)
             Began as a Hill Orc Fighter on Sept 6, 2021.
             Succumbed to a scorpion's poison
             ... on level 4 of the Dungeon.
             The game lasted 00:08:23 (3712 turns).

caitlindye the Chopper (Hill Orc Fighter)           Turns: 3712, Time: 00:08:23

Health: -1/53      AC:  7    Str: 21    XL:     6   Next: 33%
Magic:  6/6        EV:  7    Int:  8    God:
Gold:   86         SH:  9    Dex: 10    Spells: 5/5 levels left

rFire    . . .     SeeInvis .   a - +1 war axe
rCold    . . .     Faith    .   c - +0 kite shield
rNeg     . . .     Spirit   .   b - +0 scale mail
rPois    .         Reflect  .   (no helmet)
rElec    .         Harm     .   (no cloak)
rCorr    .         Rampage  .   (no gloves)
Will     .....                  (no boots)
Stlth    ..........             e - amulet of magic regeneration
HPRegen  0.17/turn              (no ring)
MPRegen  0.35/turn              (no ring)

@: mighty, lethally poisoned (-1 -> -11)
A: no striking features
a: no special abilities


You were on level 4 of the Dungeon.
You visited 1 branch of the dungeon, and saw 4 of its levels.

You collected 86 gold pieces.

Inventory:

Hand Weapons
 a - a +1 war axe (weapon)
Missiles
 f - a throwing net (quivered)
Armour
 b - a +0 scale mail (worn)
 c - a +0 kite shield (worn)
Magical Staves
 g - a staff of cold
Jewellery
 e - an amulet of magic regeneration (around neck)
Scrolls
 h - a scroll of magic mapping


   Skills:
 + Level 4.3 Fighting
 + Level 5.6 Axes
 + Level 4.3 Armour
 + Level 0.6 Dodging
 + Level 0.3 Stealth
 + Level 4.7 Shields


You had 5 spell levels left.
You didn't know any spells.
Your spell library contained the following spells:

 Spells                   Type           Power      Damage    Failure   Level
 Slow                     Hex            0%         N/A       100%        2
 Confusing Touch          Hex            0%         N/A       100%        3
 Vampiric Draining        Necr           0%         2d6       100%        3


Dungeon Overview and Level Annotations

Branches:
Dungeon (4/15)
 Temple: D:4-7

Altars:

Shops:
D:1 *


Message History

The hound barely misses you. The hound bites you. The hound bites you.
The hound bites you but does no damage. The hound bites you.
Your magical contamination has completely faded away.
Found a long sword.
The hound bites you but does no damage. You block the hound's attack.
The hound bites you but does no damage.
You block the hound's attack. 2 orcs come into view.
The orc shouts! x2
You block the hound's attack. The hound closely misses you.
An adder comes into view.
Found a potion of flight.
The adder hisses angrily.
You block the hound's attack.
You slash the hound!
You kill the hound!
The adder bites you but does no damage. The gnoll hits you but does no damage.
You barely miss the adder.
Your shield prevents you from hitting the gnoll.
You block the adder's attack. The gnoll hits you with a +0 club.
You block the adder's attack.
You barely miss the adder. You slash the gnoll!
You kill the gnoll!
The adder bites you but does no damage. You block the adder's attack.
You barely miss the adder. You hit the scorpion.
The scorpion barely misses you. The gnoll barely misses you.
The adder closely misses you. The scorpion stings you.
You are poisoned.
The scorpion poisons you!
The gnoll hits you from afar with a +1 halberd of freezing!
* * * LOW HITPOINT WARNING * * *
The gnoll freezes you.
* * * LOW HITPOINT WARNING * * *
You block the adder's attack.
You closely miss the adder. You closely miss the scorpion.
You die...

#..............
###.....#######
###..<..# # #.......# #
#......## # # #......# #
#. #.....##### #
####!.####.........# #
......S@.###.#####.#####
#####.##s# #. #..†... #
#g# #. #.#####
####.##g###.# #.#
o.o...oog...# #.#
####.##.##### #.# #
##.#########.# #
#.#..........#.#
...#.#..######....#


You could see a scorpion, 3 gnolls, an adder and an orc.

Vanquished Creatures
  2 vampire bats (D:3)
  A gnoll shaman (D:4)
  A hound (D:4)
  4 adders
  6 gnolls
  A worm (D:2)
  A dart slug (D:2)
  2 orcs (D:3)
  A ball python (D:1)
  7 endoplasms
  A giant cockroach (D:1)
  3 goblins
  4 hobgoblins
  3 jackals (D:1)
  2 kobolds
  4 quokkas
  10 bats
  2 frilled lizards (D:2)
  5 rats
60 creatures vanquished.

Notes
Turn   | Place    | Note
-------+----------+-------------------------------------------
     0 | D:1      | caitlindye the Hill Orc Fighter began the quest for the
                  | Orb.
     0 | D:1      | Reached XP level 1. HP: 19/19 MP: 1/1
   351 | D:1      | Found Urraonibb's General Store.
   438 | D:1      | Reached XP level 2. HP: 27/27 MP: 2/2
   959 | D:1      | Reached skill level 3 in Axes
  1195 | D:2      | Reached XP level 3. HP: 17/33 MP: 3/3
  1551 | D:2      | Reached XP level 4. HP: 28/40 MP: 4/4
  2246 | D:2      | Found a faded altar of an unknown god.
  2436 | D:2      | Reached skill level 4 in Axes
  2620 | D:3      | Reached XP level 5. HP: 40/46 MP: 5/5
  2633 | D:3      | Reached skill level 5 in Axes
  2851 | D:3      | Found Bosming's Distillery.
  3685 | D:4      | Reached XP level 6. HP: 32/52 MP: 6/6
  3712 | D:4      | Succumbed to a scorpion's poison

Illustrated notes

Levels and vault maps discovered:
D:1:      ncdulo_lavacross, layout_basic, serial_shops, shop
D:2:      layout_loops_ring, dilly_ecumenical_altar_fadedgnrine
D:3:      layout_rooms, serial_shops, shop, grunt_ministairs_8, roderic_batcave,
          st_stairs_12, grunt_decor_junction
D:4:      layout_loops_ring

Skill      XL: |  1  2  3  4  5 |
---------------+----------------+-----
Fighting       | 4 |  4.3
Axes           | 3 4 5 |  5.6
Shields        | 4 |  4.7
Armour         | 4 |  4.3
Dodging        | |  0.6
Stealth        | |  0.3

Action                   |  1- 3 |  4- 6 || total
-------------------------+-------+-------++-------
Melee: War axe           |    80 |    85 ||   165
  Use: Scroll            |     3 |     4 ||     7
       Potion            |     2 |     5 ||     7
 Stab: Invisible         |       |     2 ||     2
Armor: Scale mail        |    40 |    65 ||   105
Dodge: Dodged            |    24 |    39 ||    63
Block: Kite shield       |    47 |    66 ||   113
